 Dungeon Crawl Stone Soup version 0.24.0-13-gcf9b319 (webtiles) character file.

Game seed: 13510586064044005462, levelgen mode: deterministic

6250 SlowPaper the Cleaver (level 10, -1/94 HPs)
             Began as a Minotaur Berserker on May 21, 2020.
             Was an Elder of Trog.
             Succumbed to a water moccasin's poison
             ... on level 10 of the Dungeon.
             The game lasted 01:12:02 (12245 turns).

SlowPaper the Cleaver (Minotaur Berserker)         Turns: 12245, Time: 01:12:03

Health: -1/94      AC: 10    Str: 22    XL:     10   Next: 62%
Magic:  9/9        EV: 12    Int:  4    God:    Trog [****..]
Gold:   532        SH:  0    Dex: 13    Spells: 9/9 levels left

rFire    . . .     SeeInvis .   I - +4 hand axe
rCold    . . .     Gourm    .   (no shield)
rNeg     . . .     Faith    .   D - +0 chain mail
rPois    .         Spirit   .   (helmet restricted)
rElec    .         Reflect  .   (no cloak)
rCorr    .         Harm     .   o - +0 pair of gloves
MR       .....                  (no boots)
Stlth    ..........             (no amulet)
HPRegen  0.25/turn              (no ring)
MPRegen  0.11/turn              (no ring)

@: lethally poisoned (-1 -> -22), berserk cooldown, slowed, very slow
A: retaliatory headbutt, horns 2
a: Berserk, Trog's Hand, Brothers in Arms, Renounce Religion


You were on level 10 of the Dungeon.
You worshipped Trog.
Trog was greatly pleased with you.
You were near starving.

You visited 1 branch of the dungeon, and saw 8 of its levels.

You collected 532 gold pieces.

Inventory:

Hand Weapons
 a - a +0 hand axe
 r - a +4 quarterstaff of chaos
 t - a +0 hunting sling
 H - a +0 hand axe
 I - a +4 hand axe (weapon)
 J - a +0 club
Missiles
 e - 66 bolts
 n - 248 stones (quivered)
 C - 8 boomerangs
Armour
 m - a +0 scale mail
 o - a +0 pair of gloves (worn)
 s - a +0 ring mail
 u - a +2 cloak
 D - a +0 chain mail (worn)
 O - the +1 scale mail of Masochism {rElec rPois rCorr}
   (You found it on level 6 of the Dungeon)

   It insulates you from electricity.
   It protects you from poison.
   It provides partial protection from all sources of acid and corrosion.
Jewellery
 d - a cursed ring of teleportation
 w - a cursed ring of attention {unknown}
 G - an uncursed ring of protection from magic {unknown}
 N - a cursed ring of attention {unknown}
 R - an uncursed ring of flight {unknown}
Wands
 A - a wand of random effects (8)
 E - a wand of disintegration (15)
 P - a wand of polymorph (10)
Scrolls
 b - 2 scrolls of magic mapping {unknown}
 g - a scroll of random uselessness {unknown}
 i - a scroll of amnesia {unknown}
 j - 2 scrolls of fear {unknown}
 k - 5 scrolls of teleportation
 q - 2 scrolls of identify
 x - a scroll of enchant armour {unknown}
 y - 5 scrolls of remove curse
 L - a scroll of enchant weapon {unknown}
 M - a scroll of fog {unknown}
Potions
 f - 4 potions of flight
 h - 3 potions of heal wounds {unknown}
 l - 4 potions of might {unknown}
 p - a potion of brilliance {unknown}
 v - 7 potions of curing
 z - a potion of resistance {unknown}
 B - a potion of agility {unknown}
 F - 2 potions of degeneration {unknown}
 K - a potion of ambrosia {unknown}
 Q - a potion of berserk rage {unknown}
Comestibles
 c - 11 rations
 S - 4 chunks of flesh


   Skills:
 + Level 10.3 Fighting
 * Level 13.5 Axes
 - Level 2.5 Armour
 + Level 9.1 Dodging


You had 9 spell levels left.
You didn't know any spells.
Your spell library contained the following spells:

 Spells                   Type           Power        Failure   Level  Hunger
 Magic Dart               Conj           #...         99%         1    ##.....
 Shock                    Conj/Air       #...         99%         1    ##.....
 Blink                    Tloc           N/A          100%        2    ###....
 Call Imp                 Summ           #.......     100%        2    ###....
 Slow                     Hex            #.......     100%        2    ###....
 Swiftness                Chrm/Air       #.......     100%        2    ###....
 Conjure Flame            Conj/Fire      #.......     100%        3    ####...
 Mephitic Cloud           Conj/Pois/Air  #.......     100%        3    ####...
 Static Discharge         Conj/Air       #.......     100%        3    ####...
 Airstrike                Air            #.........   100%        4    #####..
 Lightning Bolt           Conj/Air       #.........   100%        5    ######.


Dungeon Overview and Level Annotations

Branches:
Dungeon (7/15)             Temple (0/1) D:7

Altars:
Dithmenos


Innate Abilities, Weirdness & Mutations

You reflexively headbutt those who attack you in melee.
You have a pair of horns on your head.


Message History

You barely miss the adder. Your headbutt misses the adder.
* * * LOW HITPOINT WARNING * * *
You feel sick. The adder closely misses you.
You slash the adder!
You kill the adder!
Trog accepts your kill.
You slash the electric eel!
* * * LOW HITPOINT WARNING * * *
You feel sick.
* * * LOW HITPOINT WARNING * * *
You feel very sick.
The electric eel shoots out a bolt of lightning at you!
The bolt of electricity hits you!
* * * LOW HITPOINT WARNING * * *
You see here a water moccasin corpse.
You feel a strong urge to attack something.
You are no longer berserk.
You are exhausted.
You feel yourself slow down.
You die...

....#...# ≈≈ ....#...#
≈# ........# ##≈#
......÷÷### ####≈≈#
......#...###≈≈#≈# ##
......#..÷.†≈≈≈≈≈##..#
......#≈≈≈≈≈≈≈≈≈≈≈...#
.......≈≈####≈#†≈#...#
.....#.≈≈##..≈#≈@# #
.....#.≈##..#.##;#
.......≈##..####≈#
......##### #≈#
#.....# #≈≈ .......#
##≈ ...#...# ≈≈
...#.#.# ≈. ########


You could see an electric eel.

Vanquished Creatures
  Erolcha (D:10)
  A hippogriff (D:7)
  Sigmund (D:2)
  A shadow (D:10)
  Menkaure (D:7)
  15 water moccasins (D:10)
  An ice beast (D:6)
  3 phantoms
  An ogre (D:6)
  A centaur (D:10)
  2 gnoll sergeants
  2 bullfrogs
  A scorpion (D:7)
  9 killer bees
  An electric eel (D:10)
  3 howler monkeys (D:10)
  7 crimson imps
  3 bullfrog zombies
  A centaur zombie (D:4)
  2 bullfrog skeletons
  3 hounds
  A centaur skeleton (D:4)
  An orc priest (D:4)
  3 orc wizards
  Crazy Yiuf (D:2)
  Jessica (D:2)
  4 iguanas
  9 worker ants
  Robin (D:1)
  14 gnolls
  A howler monkey skeleton (D:5)
  21 adders
  2 shadow imps
  An ooze (D:1)
  4 worms
  A dart slug (D:1)
  3 leopard geckos
  17 orcs
  7 bats
  3 giant cockroaches
  13 goblins
  7 hobgoblins
  7 jackals
  2 quokkas
  2 frilled lizards
  A giant cockroach zombie (D:5)
  6 kobolds
  A leopard gecko skeleton (D:6)
  4 rats (D:2)
198 creatures vanquished.

Vanquished Creatures (collateral kills)
  Erica (D:10)
  A water moccasin (D:10)
2 creatures vanquished.

Vanquished Creatures (others)
  An orc wizard (D:5)
1 creature vanquished.

Grand Total: 201 creatures vanquished

Notes
Turn   | Place    | Note
-------+----------+-------------------------------------------
     0 | D:1      | SlowPaper the Minotaur Berserker began the quest for the
                  | Orb.
     0 | D:1      | Reached XP level 1. HP: 19/19 MP: 0/0
   384 | D:1      | Reached XP level 2. HP: 25/27 MP: 1/1
   722 | D:1      | Reached skill level 4 in Axes
  1818 | D:2      | Noticed Robin
  1858 | D:2      | Reached XP level 3. HP: 33/33 MP: 2/2
  1976 | D:1      | Killed Robin
  2087 | D:2      | Reached ** piety under Trog
  2221 | D:2      | Noticed Jessica
  2221 | D:2      | Noticed Sigmund
  2228 | D:2      | Killed Jessica
  2228 | D:2      | Reached XP level 4. HP: 41/41 MP: 3/3
  2234 | D:2      | Killed Sigmund
  2234 | D:2      | Reached skill level 5 in Fighting
  2234 | D:2      | Reached skill level 6 in Axes
  2234 | D:2      | Reached XP level 5. HP: 48/48 MP: 4/4
  2462 | D:2      | Reached XP level 6. HP: 56/56 MP: 5/5
  2886 | D:2      | Found a runed translucent door.
  2887 | D:2      | Noticed Crazy Yiuf
  3204 | D:2      | Found a shadowy altar of Dithmenos.
  3454 | D:2      | Killed Crazy Yiuf
  4426 | D:3      | Reached skill level 7 in Axes
  5685 | D:4      | Reached XP level 7. HP: 58/62 MP: 6/6
  5702 | D:4      | Reached *** piety under Trog
  6588 | D:4      | Reached skill level 5 in Dodging
  6588 | D:4      | Reached skill level 8 in Axes
  6847 | D:5      | Entered Level 5 of the Dungeon
  7146 | D:5      | Reached XP level 8. HP: 71/71 MP: 7/7
  7978 | D:6      | Reached skill level 9 in Axes
  8223 | D:6      | Got an emerald-encrusted scale mail
  8234 | D:6      | Identified the cursed +1 scale mail of Masochism {rElec
                  | rPois rCorr} (You found it on level 6 of the Dungeon)
  8527 | D:6      | Reached **** piety under Trog
  8527 | D:6      | Reached skill level 10 in Axes
  9615 | D:7      | Reached XP level 9. HP: 75/81 MP: 8/8
  9978 | D:7      | Found a staircase to the Ecumenical Temple.
 10664 | D:7      | Reached skill level 11 in Axes
 10870 | D:7      | Noticed Menkaure
 10875 | D:7      | Killed Menkaure
 10876 | D:7      | You fall into a shaft and drop 3 floors!
 10876 | D:10     | Entered Level 10 of the Dungeon
 11130 | D:10     | Noticed Erolcha
 11142 | D:10     | Killed Erolcha
 11142 | D:10     | Reached skill level 12 in Axes
 11142 | D:10     | Reached XP level 10. HP: 91/91 MP: 9/9
 11148 | D:10     | Noticed Erica
 11156 | D:10     | Killed Erica
 12190 | D:10     | Reached skill level 13 in Axes
 12207 | D:10     | Reached skill level 10 in Fighting
 12244 | D:10     | HP: 2/141 [electric eel/bolt of electricity (9)]
 12245 | D:10     | Succumbed to a water moccasin's poison

Levels and vault maps discovered:
D:1:      minmay_arrival_radiant_lines, layout_basic, minivault_27
D:2:      layout_loops_corners, lemuel_crystal_altar, first_ration,
          uniq_jessica, uniq_crazy_yiuf_cottage, uniq_robin, uniq_sigmund
D:3:      layout_basic, nrook_loot_triangle, chequers_serial_rivers_room_a
D:4:      layout_cave_pools
D:5:      layout_rooms, serial_rivers, chequers_serial_rivers_micro_b,
          chequers_serial_rivers_micro_d, chequers_serial_rivers_large_a,
          chequers_serial_rivers_room_b, chequers_serial_rivers_micro_a,
          chequers_serial_rivers_room_a, kennysheep_flooded_box
D:6:      layout_basic, ebering_dispersal_statue_hall
D:7:      layout_loops_corners, minmay_temple_entry_mini_moons,
          minmay_shop_damaged, uniq_menkaure
D:10:     lemuel_reptile_caves, layout_cave_pools, uniq_erolcha, uniq_erica

Skill      XL: |  1  2  3  4  5  6  7  8  9 10 |
---------------+-------------------------------+-----
Fighting       | 4 5 6 8 9 10 | 10.3
Axes           | 4 6 7 8 10 12 13 | 13.5
Dodging        | 3 4 5 6 8 9 |  9.1
Armour         | |  2.5

Action                   |  1- 3 |  4- 6 |  7- 9 | 10-12 || total
-------------------------+-------+-------+-------+-------++-------
Melee: Hand axe          |    44 |   106 |   325 |    97 ||   572
       Headbutt          |     8 |    17 |    73 |    15 ||   113
Invok: Berserk           |     1 |     2 |     5 |     1 ||     9
       Brothers in Arms  |       |       |     1 |     1 ||     2
  Use: Scroll            |       |       |     5 |       ||     5
       Potion            |       |       |       |     1 ||     1
 Stab: Distracted        |       |       |       |     1 ||     1
  Eat: Chunk             |     4 |    10 |    13 |     2 ||    29
       Ration            |       |     1 |     2 |     1 ||     4
Armor: Ring mail         |    20 |    14 |       |       ||    34
       Animal skin       |     2 |       |       |       ||     2
       Scale mail        |       |    16 |    12 |       ||    28
       Chain mail        |       |       |   162 |    43 ||   205
Dodge: Dodged            |    38 |    73 |   161 |    74 ||   346
